 Dungeon Crawl Stone Soup version 0.24.0-123-gd5b16e6ec5 (webtiles) character file.

Game seed: 9016723703179770939, levelgen mode: deterministic

1652 Elellon the Cleaver (level 9, 0/109 HPs)
             Began as a Hill Orc Fighter on Jan 15, 2020.
             Succumbed to a killer bee's poison
             ... on level 7 of the Dungeon.
             The game lasted 00:08:39 (6086 turns).

Elellon the Cleaver (Hill Orc Fighter)              Turns: 6086, Time: 00:08:39

Health: 0/109      AC: 24    Str: 22    XL:     9   Next: 0%
Magic:  9/9        EV:  2    Int:  8    God:
Gold:   679        SH: 10    Dex: 15    Spells: 8/8 levels left

rFire    . . .     SeeInvis .   D - +0 broad axe
rCold    . . .     Gourm    .   c - +0 shield
rNeg     + + +     Faith    .   (armour currently unavailable)
rPois    +         Spirit   .   (helmet currently unavailable)
rElec    .         Reflect  .   (cloak currently unavailable)
rCorr    .         Harm     .   (gloves currently unavailable)
MR       .....     NoTele   +   (boots currently unavailable)
Stlth    ++........             (no amulet)
HPRegen  0.28/turn              (no ring)
MPRegen  0.11/turn              (no ring)

@: agile, lethally poisoned (0 -> -5), tree-form
A: no striking features
a: no special abilities


You were on level 7 of the Dungeon.
You were not hungry.
You were a tree.
You visited 2 branches of the dungeon, and saw 8 of its levels.
You also visited: Ossuary.

You collected 679 gold pieces.

Inventory:

Hand Weapons
 a - a +0 war axe
 D - a +0 broad axe (weapon)
Armour
 c - a +0 shield (worn)
 o - a +0 plate armour (melded)
Jewellery
 e - a cursed amulet of inaccuracy {unknown}
 t - an uncursed amulet of rage {unknown}
Wands
 n - a wand of digging (6)
 s - a wand of acid (10)
Scrolls
 g - a scroll of random uselessness {unknown}
 h - 4 scrolls of remove curse {unknown}
 i - 4 scrolls of teleportation {unknown}
 k - 4 scrolls of enchant armour {unknown}
 p - 2 scrolls of fog {unknown}
 q - 2 scrolls of identify {unknown}
 u - a scroll of fear {unknown}
 v - a scroll of blinking {unknown}
 y - a scroll of amnesia {unknown}
Potions
 b - 2 potions of magic {unknown}
 d - a potion of might
 j - a potion of agility
 l - a potion of flight {unknown}
 m - a potion of mutation
 r - 3 potions of haste
 w - a potion of lignification
 x - a potion of degeneration {unknown}
 A - a potion of resistance {unknown}
 B - 2 potions of brilliance {unknown}
 C - a potion of heal wounds {unknown}
Comestibles
 f - 15 rations
 E - a chunk of flesh


   Skills:
 + Level 4.8 Fighting
 * Level 12.9 Axes
 + Level 4.3 Armour
 + Level 4.3 Shields


You had 8 spell levels left.
You didn't know any spells.
Your spell library contained the following spells:

 Spells                   Type           Power        Failure   Level  Hunger
 Confusing Touch          Hex            #.....       86%         1    ##.....
 Confuse                  Hex            #.......     99%         3    ####...
 Gell's Gravitas          Tloc           #.........   99%         3    ####...
 Petrify                  Tmut/Erth      #.......     100%        4    #####..
 Metabolic Englaciation   Hex/Ice        #.........   100%        5    ######.
 Yara's Violent Unravell  Hex/Tmut       #.........   100%        5    ######.


Dungeon Overview and Level Annotations

Branches:
Dungeon (7/15)             Temple (1/1) D:6         Ossuary (visited)

Altars:
Ashenzari
Cheibriados
Dithmenos
Elyvilon
Fedhas
Hepliaklqana
Kikubaaqudgha
Makhleb
Nemelex Xobeh
Qazlal
Ru
Sif Muna
Uskayaw
Wu Jian
Xom
Yredelemnul
Zin

Annotations:
D:7 2 transporters, Sysandra's ghost, novice DECj


Innate Abilities, Weirdness & Mutations

((Armour fits poorly on your strangely shaped body.))
((Your system is resistant to poisons. (rPois)))


Message History

The killer bee stings you.
* * * LOW HITPOINT WARNING * * *
You are lethally poisoned!
The killer bee poisons you!
It was a potion of mutation.
You feel extremely strange.
Your body twists and deforms.
You feel resistant to poisons.
* * * LOW HITPOINT WARNING * * *
You feel sick. The killer bee stings you.
* * * LOW HITPOINT WARNING * * *
The killer bee stings you but does no damage.
It was a potion of lignification.
You turn into a tree.
Your +0 plate armour melds into your body.
Your roots penetrate the ground.
* * * LOW HITPOINT WARNING * * *
You feel sick.
The killer bee stings you but does no damage.
You block the killer bee's attack.
It was a potion of agility.
You feel agile all of a sudden.
You die...

#.##.##.# ...#...
#......# #.##.#
...###=..##.# #....##
.#..55W... #.....###.
#####
##......####.©.####..#
#..................#
#.....######..#.####
#.....# ##.# # #.....#
#♣# #.....# #y#
#.....# #.# #######
#.# #.# #.# #.# $.#


You could see a killer bee, 2 quasits and Sysandra's ghost.

Vanquished Creatures
  Grinder (D:3)
  An ice beast (D:6)
  A necrophage (D:6)
  An orc warrior (D:5)
  A centaur (D:6)
  Blork the orc (D:6)
  A bullfrog (Temple)
  A scorpion (D:5)
  3 killer bees (D:7)
  A centaur skeleton (D:5)
  3 orc priests (D:4)
  3 iguanas
  4 orc wizards
  Natasha (thrice) (D:3)
  2 worker ants
  2 hound skeletons
  8 mummies (Ossuary)
  3 gnolls (D:6)
  4 adders
  2 shadow imps
  An ooze (D:2)
  3 adder skeletons
  5 worms
  5 dart slugs
  3 leopard geckos
  21 orcs
  A ball python (D:2)
  9 giant cockroaches
  9 goblins
  6 hobgoblins
  7 jackals
  7 kobolds
  2 quokkas
  5 bats
  6 frilled lizards
  A giant cockroach zombie (D:5)
  A goblin zombie (D:6)
  2 hobgoblin zombies (Ossuary)
  2 kobold zombies (Ossuary)
  4 orc zombies (Ossuary)
  12 rats
158 creatures vanquished.

Notes
Turn   | Place    | Note
-------+----------+-------------------------------------------
     0 | D:1      | Elellon the Hill Orc Fighter began the quest for the Orb.
     0 | D:1      | Reached XP level 1. HP: 19/19 MP: 1/1
    25 | D:1      | Reached skill level 3 in Axes
   147 | D:1      | Reached XP level 2. HP: 22/26 MP: 2/2
   170 | D:1      | Reached skill level 4 in Axes
   375 | D:1      | Reached XP level 3. HP: 31/31 MP: 3/3
   514 | D:2      | Reached skill level 5 in Axes
   622 | D:2      | Reached XP level 4. HP: 38/39 MP: 4/4
   629 | D:2      | Found a sacrificial altar of Ru.
   641 | D:2      | Found a shadowy altar of Dithmenos.
   646 | D:2      | Found a basalt altar of Yredelemnul.
   770 | D:2      | Reached skill level 6 in Axes
  1391 | D:3      | Noticed Grinder
  1402 | D:3      | Killed Grinder
  1402 | D:3      | Reached skill level 8 in Axes
  1402 | D:3      | Reached XP level 5. HP: 29/45 MP: 5/5
  1402 | D:3      | Reached XP level 6. HP: 33/51 MP: 6/6
  1721 | D:3      | Noticed Natasha
  1728 | D:3      | Killed Natasha
  1741 | D:3      | Reached skill level 9 in Axes
  2086 | D:3      | Noticed Natasha
  2100 | D:3      | Killed Natasha
  2221 | D:3      | Found a hide-covered altar of Uskayaw.
  2390 | D:3      | Noticed Natasha
  2405 | D:3      | Killed Natasha
  2597 | D:4      | Found an ancient bone altar of Kikubaaqudgha.
  2623 | D:4      | Reached XP level 7. HP: 54/57 MP: 7/7
  2659 | D:4      | Reached skill level 10 in Axes
  2886 | D:4      | Found a stormy altar of Qazlal.
  3176 | D:4      | Found a glowing silver altar of Zin.
  3410 | D:4      | Found an ornate altar of the Wu Jian Council.
  3471 | D:5      | Entered Level 5 of the Dungeon
  3543 | D:5      | Reached skill level 11 in Axes
  3683 | D:5      | You fall into a shaft and drop 1 floor!
  3766 | D:6      | Found a sand-covered staircase.
  3781 | D:6      | Found a burning altar of Makhleb.
  3792 | D:6      | Reached XP level 8. HP: 51/63 MP: 8/8
  3826 | Ossuary  | Entered an ossuary
  3875 | Ossuary  | HP: 3/63 [mummy (2)]
  3875 | Ossuary  | HP: 1/63 [orc zombie (2)]
  3876 | Ossuary  | Reached skill level 12 in Axes
  4751 | D:6      | Noticed Blork the orc
  4762 | D:6      | Killed Blork the orc
  4966 | D:6      | Found a staircase to the Ecumenical Temple.
  4976 | Temple   | Entered the Ecumenical Temple
  5374 | D:5      | HP: 3/66 [orc warrior/+0 scimitar (17)]
  5988 | D:7      | Found a transporter.
  6027 | D:7      | Found a transporter.
  6031 | D:7      | Noticed Sysandra's ghost (novice DECj)
  6072 | D:7      | Reached XP level 9. HP: 6/73 MP: 9/9
  6075 | D:7      | HP: 1/73 [killer bee (4)]
  6083 | D:7      | HP: 3/73 [killer bee (5)]
  6084 | D:7      | Gained mutation: Armour fits poorly on your strangely
                  | shaped body. [potion of mutation]
  6084 | D:7      | Gained mutation: Your system is resistant to poisons.
                  | (rPois) [potion of mutation]
  6084 | D:7      | HP: 1/73 [killer bee (1)]
  6086 | D:7      | Succumbed to a killer bee's poison

Levels and vault maps discovered:
D:1:      tarquinn_simple_flora_water_d, layout_basic
D:2:      layout_rooms, grunt_temple_overflow_open, first_ration
D:3:      layout_basic, lemuel_doored_altar, chequers_serial_rivers_micro_d,
          uniq_natasha, uniq_grinder
D:4:      layout_basic, old_standard_altar, lemuel_round_altar,
          lemuel_round_altar, grunt_qazlal_clouds
D:5:      layout_rooms, vehumet_crystals, serial_shops,
          nicolae_shop_window_shopping, chequers_serial_rivers_small_b,
          kennysheep_nondescript, grunt_ministairs_15
D:6:      layout_loops_ring, minmay_temple_entry_slanted, enter_ossuary_3,
          makhleb_blood_cavern_becter, uniq_blork_the_orc
D:7:      layout_basic, gammafunk_ghost_stat_death
Temple:   eino_wide_crystal_templ

Skill      XL: |  1  2  3  4  5  6  7  8 |
---------------+-------------------------+-----
Axes           | 3 4 5 8 9 11 12 | 12.9
Fighting       | 4 |  4.8
Armour         | 4 |  4.3
Shields        | 4 |  4.3

Action                   |  1- 3 |  4- 6 |  7- 9 || total
-------------------------+-------+-------+-------++-------
Melee: War axe           |    76 |   153 |   299 ||   528
       Broad axe         |       |       |    48 ||    48
  Use: Potion            |       |       |     7 ||     7
  Eat: Chunk             |       |     6 |     8 ||    14
       Ration            |       |       |     1 ||     1
Armor: Scale mail        |    39 |    26 |       ||    65
       Plate armour      |       |    23 |   180 ||   203
       Skin              |       |       |     1 ||     1
Dodge: Dodged            |    29 |    41 |    32 ||   102
Block: Shield            |    37 |    54 |   142 ||   233
